Workbook
Name Code_Client: OFFSET('[1]Base Adhérents'!$A$2,,,COUNTA('[1]Base Adhérents'!$A:$A)-1)
Name Tab_Client: OFFSET('[1]Base Adhérents'!$A$2,,,COUNTA('[1]Base Adhérents'!$A:$A)-1,7)

Sheet Inscription
B1: SAINT MAURICE TENNIS - SAISON 2024 - 2025
B2: FICHE D'INSCRIPTION
H3: Réf Inscription | I3: Saisie ADOC
B4: Date : | E4: Adhésion couple | F4: FALSE | G4: Cadre club :
B6: Adhérent 1 | F6: Adhérent 2
B7: *Genre : | D7: NouveL Adhérent : | F7: *Genre : | H7: NouveL Adhérent :
B8: *Nom: | F8: *Nom:
B9: *Prénom: | C9: Pierre | F9: *Prénom:
B10: *Date et Lieu de Naissance: | C10: 44180 | F10: *Date et Lieu de Naissance:
B11: Portable : | F11: Portable :
B12: *Courriel : | F12: *Courriel :
B13: *Adresse : | F13: *Nationalité :
B14: *Code Postal : | F14: *Pays de Naissance :
B15: *Ville : | F15: Pass'Sport:
B16: *Nationalité : | F16: Pass Région et code :
B17: *Pays de Naissance :
B18: Pass'Sport: | G18: * A remplir obligatoirement
B19: Pass Région et code :
B21: Adhérent 3 | F21: Adhérent 4
B22: *Genre : | D22: NouveL Adhérent : | F22: *Genre : | H22: NouveL Adhérent :
B23: *Nom: | F23: *Nom:
B24: *Prénom: | F24: *Prénom:
B25: *Date et Lieu de Naissance: | F25: *Date et Lieu de Naissance:
B26: *Nationalité : | F26: *Nationalité :
B27: *Pays de Naissance : | F27: *Pays de Naissance :
B28: Pass'Sport: | F28: Pass'Sport:
B29: Pass Région et code : | F29: Pass Région et code :
B31: Adhérent 5 | F31: Adhérent 6
B32: *Genre : | D32: NouveL Adhérent : | F32: *Genre : | H32: NouveL Adhérent :
B33: *Nom: | F33: *Nom:
B34: *Prénom: | F34: *Prénom:
B35: *Date et Lieu de Naissance: | F35: *Date et Lieu de Naissance:
B36: *Nationalité : | F36: *Nationalité :
B37: *Pays de Naissance : | F37: *Pays de Naissance :
B38: Pass'Sport: | F38: Pass'Sport:
B39: Pass Région et code : | F39: Pass Région et code :
A40: Prénom Adhérent | C40: Formules proposées | I40: Total
C41: Enfants | E41: Ados | G41: Adultes
A42: Couple | G42: =IF(F4=TRUE, "Adhésion Couple","Non" ) -> Non | I42: =IFERROR(VLOOKUP(INDEX(G42,MATCH("zz",G42,1)),'Base Tarifaire'!$A$3:$B$51,2,FALSE),0) -> 0
A43: 1 | B43: =$C$9 -> Pierre | I43: =IFERROR(VLOOKUP(INDEX(C43:H43,MATCH("zz",C43:H43,1)),'Base Tarifaire'!$A$3:$B$51,2,FALSE),0) -> 0
A44: 2 | B44: =$G$9 -> 0 | I44: =IFERROR(VLOOKUP(INDEX(C44:H44,MATCH("zz",C44:H44,1)),'Base Tarifaire'!$A$3:$B$51,2,FALSE),0) -> 0
A45: 3 | B45: =$C$24 -> 0 | I45: =IFERROR(VLOOKUP(INDEX(C45:H45,MATCH("zz",C45:H45,1)),'Base Tarifaire'!$A$3:$B$51,2,FALSE),0) -> 0
A46: 4 | B46: =$G$24 -> 0 | I46: =IFERROR(VLOOKUP(INDEX(C46:H46,MATCH("zz",C46:H46,1)),'Base Tarifaire'!$A$3:$B$51,2,FALSE),0) -> 0
A47: 5 | B47: =$C$34 -> 0 | I47: =IFERROR(VLOOKUP(INDEX(C47:H47,MATCH("zz",C47:H47,1)),'Base Tarifaire'!$A$3:$B$51,2,FALSE),0) -> 0
A48: 6 | B48: =$G$34 -> 0 | I48: =IFERROR(VLOOKUP(INDEX(C48:H48,MATCH("zz",C48:H48,1)),'Base Tarifaire'!$A$3:$B$51,2,FALSE),0) -> 0
B50: Remises familles | C50: ="- 10 % si > 670 €" -> - 10 % si > 670 € | F50: Couple | G50: Adhésion Couple + cours | I50: =IF(F4=TRUE,SUM(I42+I43+I44),"")
C51: ="- 15 % si > 800 €" -> - 15 % si > 800 € | G51: Remise Couple -20% sur cours | I51: =IF(F4=TRUE,(I43*20/100)+(I44*20/100),"")
C52: ="- 20 % si > 920 €" -> - 20 % si > 920 € | G52: Total Couple | I52: =IF(ISERROR(I50-I51),"",(I50-I51))
F54: Famille | G54: Formules et adhésions | I54: =IF(F4=FALSE,SUM(I43:I48),"") -> 0
G55: Taux Remise Famille | I55: =INDEX('Base Tarifaire'!O3:O6,MATCH(Inscription!I54,'Base Tarifaire'!N3:N6,1)) -> 0
G56: Total remise Famille | I56: =IF(ISERROR(I54*20/100),"",I54*20/100) -> 0
G57: Total Famille | I57: =IF(ISERROR(I54-I56),"",I54-I56) -> 0
B58: Options :
B59: Sponsoring | I59: =IF(D59<>"",VLOOKUP($D$59,'Base Tarifaire'!A44:B48,2,FALSE),0) -> 0
B60: Nom societé :
B61: Adresse société :
B62: CP et Ville :
G64: Total à payer | I64: =IFERROR(SUM(I52,I57,I59),"") -> 0
B66: Modalités de règlement :
C67: Chèque 1 | D67: Chèque 2 | E67: Chèque 3 | F67: Chèque 4 | G67: CB | H67: Espèces | I67: Chèques Vacances
B68: Montant
B69: N° chèque
B70: Date Encaissement
B71: Nom Banque
G72: Total encaissements | I72: =SUM(C68:I68) -> 0
C74: Autorise le Club de Saint-Maurice Tennis, pour sa communication interne et/ou externe, à utiliser pour la saison sportive en cours, l'image de la personne objet de la présente fiche, et cela sur tout type de support (notament sur le site Internet du club)
C77: Reconnait avoir reçu un exemplaire du règlement intérieur du club et m'engage à le respecter.
B79: Par ailleurs, les présentes informations recueillies font l'objet d'un traitement informatique. Ces données sont nécessaires à l'organisation des activités tant du club de Saint-Maurice Tennis (gestions des membres,…) que de la FFT (organisation des compétitions, lettre d'information,...), des Ligues et des Comités départementaux. Vos noms et prénoms peuvent être affichés sur le site internet de la FFT, des Ligues, des Comités départementaux (par exemple au travers de la liste des licenciés, de la liste des classés, du palmarès des compétitions.)
B81: Conformément à la loi informatique et libertés, vous disposez d'un droit d'accès aux données qui vous concernent, ainsi qu'un droit de modification ou de suppression de celles-ci (articles 39 et 40 de la loi Informatique et Libertés du 6 janvier 1978), Pour exercer ce droit, veuillez vous adresser à la FFT : - fft@fft.fr - ou Fédération Française de Tennis, Service Organisation et Systèmes d'Information, 2 avenue Gordon-Bennett, 75116 Paris
G83: Date : | H83: Signature

Sheet Base Tarifaire
A2: Toutes les offres (Référence) | B2: Prix | C2: Offres Adultes | D2: Prix | E2: Offres Ados de 7 à 18 ans | F2: Prix | G2: Offres Enfants de 6 ans et moins | H2: Prix | I2: Licences | J2: Année de validité | L2: Coût | M2: Modes de Paiement | N2: Remises | P2: Genre | Q2: Adhésion | R2: Banques
A3: Adhésion Adulte 2023-2024 | B3: 200 | C3: Adhésion Adulte 2023-2024 | D3: 200 | E3: Adhésion Jeunes et Etudiants -19 ans | F3: 160 | G3: Galaxie tennis (Enfants - 6 ans) | H3: 167 | I3: 2025 | J3: 45536 | K3: 45900 | M3: Chéque | N3: 0 | O3: 0 | P3: Mr | Q3: 1 = Oui | R3: Crédit Mutuel
A4: Adhésion Couple | B4: 320 | C4: Adhésion Etudiants de 19 à 25 ans | D4: 160 | E4: Adhésion Jeune Extérieur (non licencié SMT) | F4: 100 | G4: Badge | H4: 3 | M4: Espèces | N4: 670 | O4: 0.1 | P4: Mme | Q4: Non | R4: CIC
A5: Adhésion Etudiants de 19 à 25 ans | B5: 160 | C5: Cours collectifs adultes (1h30) | D5: 220 | E5: Ecole de tennis (7 à 18 ans) 1h00 par semaine | F5: 192 | I5: Adultes | J5: 11202 | K5: 38595 | L5: 32 | M5: Virement | N5: 800 | O5: 0.15 | R5: BNP Paribas
A6: Cours collectifs adultes (1h30) | B6: 220 | C6: Cours collectifs adultes (2*1h30) | D6: 396 | E6: Ecole de tennis (7 à 18 ans) 1h30 par semaine | F6: 277 | I6: Ado de 7 à 18 ans | J6: 38961 | K6: 43343 | L6: 22 | M6: Chèque et Espèces | N6: 900 | O6: 0.2 | R6: LCL - Crédit Lyonnais
A7: Cours collectifs adultes (2*1h30) | B7: 396 | C7: Adhésion Grand Sénior | D7: 50 | E7: Ecole de tennis (7 à 18 ans) 2*1h00 par semaine | F7: 328 | I7: Enfants 6 ans et moins | J7: 42979 | K7: 31/082024 | L7: 12 | M7: Carte Bancaire | R7: Caisse d'Epargne
A8: Adhésion Grand Sénior | B8: 50 | C8: Adhésion Adulte Extérieurs (Non licencié SMT) | D8: 100 | E8: Compétition-Perfectionnement Enfants 2*1h30 | F8: 481 | I8: Licence Découverte | L8: 3 | M8: Chèques Vacances | R8: Fortuneo
A9: Adhésion Adulte Extérieurs (Non licencié SMT) | B9: 100 | C9: Promo été Adulte / Jeune | D9: 70 | E9: Promo été Adulte / Jeune | F9: 70 | R9: Boursorama
A10: Promo été Adulte / Jeune | B10: 70 | C10: Promo été (Licence Découverte) | D10: 50 | E10: Promo été (Licence Découverte) | F10: 50 | R10: La Poste
A11: Promo été (Licence Découverte) | B11: 50 | C11: Adhésion PARENTS | D11: 50 | E11: Badge | F11: 3 | R11: Lyonnaise de Banque
A12: Adhésion PARENTS | B12: 50 | C12: Licence FFT (Seule) | D12: 40 | R12: Société Générale
A13: Licence FFT (Seule) | B13: 40 | C13: Badge | D13: 3 | R13: Banque Populaire
A14: Badge | B14: 3 | R14: Crédit Agricole
R15: ING
A22: Adhésion Jeunes et Etudiants -19 ans | B22: 160
A23: Adhésion Jeune Extérieur (non licencié SMT) | B23: 100
A24: Ecole de tennis (7 à 18 ans) 1h00 par semaine | B24: 192
A25: Ecole de tennis (7 à 18 ans) 1h30 par semaine | B25: 277
A26: Ecole de tennis (7 à 18 ans) 2*1h00 par semaine | B26: 328
A27: Compétition-Perfectionnement Enfants 2*1h30 | B27: 481
A28: Promo été Adulte / Jeune | B28: 70
A29: Promo été (Licence Découverte) | B29: 50
A30: Badge | B30: 3
A39: Galaxie tennis (Enfants - 6 ans) | B39: 167
A40: Badge | B40: 3
A44: Sponsoring 300 | B44: 300
... A48: Sponsoring 2000 et plus | B48: 2000
A49: Sponsoring Divers | B49: ---
